 Dungeon Crawl Stone Soup version 0.29-a0-330-g52719c12eb (webtiles) character file.

Game seed: 451931113913044729

4806 Aelig the Destroyer (level 10, -5/103 HPs)
             Began as a Demigod Conjurer on May 9, 2022.
             Killed from afar by Maurice (29 damage)
             ... with a bolt of acid
             ... on level 8 of the Dungeon.
             The game lasted 00:31:03 (9417 turns).

Aelig the Destroyer (Demigod Conjurer)              Turns: 9417, Time: 00:31:04

Health: -5/103     AC: 25    Str:  8    XL:     10   Next: 4%
Magic:  7/19       EV:  2    Int: 32    God:
Gold:   391        SH:  0    Dex: 12    Spells: 4/17 levels left

rFire   + . .      SeeInvis .   a - +0 hunting sling
rCold   . . .      Faith    .   (no shield)
rNeg    . . .      Spirit   .   (body armour currently unavailable)
rPois   +          Reflect  .   (helmet currently unavailable)
rElec   .          Harm     .   (cloak currently unavailable)
rCorr   .          Rampage  .   (gloves currently unavailable)
Will    +....      NoTele   +   (boots currently unavailable)
Stlth   ++........              t - amulet of regeneration
HPRegen 1.07/turn               i - ring of protection from fire
MPRegen 0.16/turn               F - +4 ring of protection

@: tree-form, corroded
A: stationary, stasis, torment immunity, boosted hp, high MP 1, forlorn, divine
attributes
a: no special abilities


You were on level 8 of the Dungeon.
You were a tree.
You visited 1 branch of the dungeon, and saw 9 of its levels.

You collected 499 gold pieces.
You spent 108 gold pieces at shops.

Inventory:

Hand Weapons
 a - a +0 hunting sling (weapon)
 b - a +1 dagger of electrocution
Missiles
 w - a throwing net
Armour
 c - a +0 pair of boots (melded)
 u - a +0 helmet (melded)
 G - a +2 robe of cold resistance (melded)
Jewellery
 i - a ring of protection from fire (left branch)
 t - an amulet of regeneration (around neck)
 F - a +4 ring of protection (right branch)
Wands
 o - a wand of flame (33)
Scrolls
 d - a scroll of acquirement {unknown}
 f - 3 scrolls of teleportation
 g - 3 scrolls of identify
 h - a scroll of brand weapon {unknown}
 j - 2 scrolls of vulnerability
 k - a scroll of immolation
 n - a scroll of blinking {unknown}
 s - a scroll of amnesia {unknown}
 v - a scroll of magic mapping {unknown}
 x - 2 scrolls of enchant weapon {unknown}
 y - a scroll of noise {unknown}
 B - a scroll of enchant armour {unknown}
Potions
 e - a potion of might
 l - 2 potions of ambrosia
 m - 3 potions of lignification
 p - 2 potions of brilliance
 q - a potion of attraction {unknown}
 r - a potion of flight {unknown}
 z - 2 potions of degeneration {unknown}
 A - 2 potions of cancellation {unknown}
 C - a potion of haste
 D - a potion of resistance {unknown}
 E - a potion of curing


   Skills:
 - Level 1.7 Dodging
 - Level 1.7 Stealth
 - Level 4.0 Spellcasting
 + Level 10.9 Conjurations
 + Level 7.3 Hexes
 - Level 4.0 Translocations


You had 4 spell levels left.
You knew the following spells:

 Your Spells              Type           Power      Damage    Failure   Level
a - Magic Dart            Conj           100%       1d8       1%          1
b - Searing Ray           Conj           100%       2d8       1%          2
c - Fulminant Prism       Conj/Hex       29%        3d14      1%          4
d - Blink                 Tloc           64%        N/A       1%          2
e - Iskenderun's Mystic   Conj/Tloc      52%        2d11      2%          4

Your spell library contained the following spells:

 Spells                   Type           Power      Damage    Failure   Level
 Dazzling Flash           Conj/Hex       100%       N/A       1%          3
 Lesser Beckoning         Tloc           32%        N/A       3%          3
 Corpse Rot               Necr/Air       12%        N/A       9%          2
 Dispel Undead            Necr           6%         3d8       50%         4
 Manifold Assault         Tloc           32%        N/A       30%         5
 Death Channel            Necr           3%         N/A       100%        6


Dungeon Overview and Level Annotations

Branches:
Dungeon (9/15)             Temple (0/1) D:5
   Lair: D:8-11         Orc: D:9-12

Shops:
D:1 [

Portals:
Abyss: D:4

Annotations:
D:4 2 transporters, Protee's ghost, amateur DjIE
D:8 Maurice


Innate Abilities, Weirdness & Mutations

You are a tree.
Your roots penetrate the ground, keeping you stationary.
You cannot be teleported.
You are immune to unholy pain and torment.
Your maximum health is greatly increased.
Your equipment is partially melded.
You have an increased reservoir of magic. (+10% MP)
You shall have no god before yourself.
Your divine heritage dramatically boosts your attributes as you level up.


Message History

You are confused.
You feel invigorated.
You hear some strange, mumbled words.
Non-targeted confused fire: a) +0 hunting sling
Press: ? - help, Q - select action, (/) - cycle Dir - look around, f - activate You shoot a sling bullet.
Non-targeted confused fire: a) +0 hunting sling
Press: ? - help, Q - select action, (/) - cycle Dir - look around, f - activate You shoot a sling bullet.
You feel less invigorated.
You feel less confused.
Casting: Searing Ray (safe; 1% risk of failure)
Confirm with . or Enter, or press ? or * to list all spells.
Aiming: Fulminant Prism (mildly dangerous; 1% risk of failure)
Press: ? - help, Dir - move target You conjure a prism of explosive energy!
A fulminant prism comes into view.
You hear some strange, mumbled words.
Casting: Fulminant Prism (mildly dangerous; 1% risk of failure)
Confirm with . or Enter, or press ? or * to list all spells.
Aiming: Fulminant Prism (mildly dangerous; 1% risk of failure)
Press: ? - help, Dir - move target You conjure a prism of explosive energy!
A fulminant prism comes into view.
You hear a zap.
A bolt of acid appears from out of thin air!
The bolt of acid hits your fulminant prism!!
Your fulminant prism detonates feebly.
The bolt of acid hits you!
* * * LOW HITPOINT WARNING * * *
Casting: Fulminant Prism (mildly dangerous; 1% risk of failure)
Confirm with . or Enter, or press ? or * to list all spells.
Aiming: Fulminant Prism (mildly dangerous; 1% risk of failure)
Press: ? - help, Dir - move target You conjure a prism of explosive energy!
A fulminant prism comes into view.
You hear a zap.
A bolt of acid appears from out of thin air!
The bolt of acid hits you!!
You die...

#......# ###......#
......... #......# #......#
##### ####### #......#
.##....####.....#####.......
......†.*).♣.§.{............
.##..)†####...*.#####.......
#.... #.....# #......# #....
####### #....#.# #....
######## #..... #...y.
'.....


You could see 2 friendly fulminant prisms.

Vanquished Creatures
  2 two-headed ogres (D:8)
  Pikel (D:8)
  A hornet (D:7)
  Sigmund (D:3)
  A spriggan (D:7)
  A wyvern (D:7)
  2 black bears
  An ice beast (D:7)
  A sky beast (D:6)
  An ogre (D:6)
  2 centaurs
  A phantom (D:7)
  4 bullfrogs
  4 scorpions
  3 wights (D:5)
  6 killer bees (D:8)
  A howler monkey (D:4)
  4 orc priests (D:4)
  3 hounds
  3 jellies
  3 gnoll shamans
  5 iguanas
  2 orc wizards
  17 gnolls
  8 adders
  2 shadow imps
  A white imp (D:6)
  2 worms (D:6)
  A dart slug (D:2)
  18 orcs
  4 ball pythons
  7 endoplasms
  3 giant cockroaches
  3 goblins
  8 hobgoblins
  4 jackals (D:3)
  2 quokkas (D:1)
  A bat (D:1)
  3 frilled lizards
  2 kobolds (D:4)
  17 rats
156 creatures vanquished.

Vanquished Creatures (others)
  An endoplasm (D:3)
  19 fulminant prisms
20 creatures vanquished.

Grand Total: 176 creatures vanquished

Notes
Turn   | Place    | Note
-------+----------+-------------------------------------------
     0 | D:1      | Aelig the Demigod Conjurer began the quest for the Orb.
     0 | D:1      | Reached XP level 1. HP: 14/14 MP: 5/5
    30 | D:1      | Found Dumounitus's Antique Armour Boutique.
   551 | D:1      | Reached skill level 4 in Conjurations
   551 | D:1      | Reached XP level 2. HP: 20/20 MP: 4/7
   578 | D:1      | Learned a level 2 spell: Searing Ray
  1415 | D:2      | Reached XP level 3. HP: 19/26 MP: 3/8
  1615 | D:2      | You fall into a shaft and drop 2 floors!
  1620 | D:5      | Entered Level 5 of the Dungeon
  1730 | D:5      | Reached skill level 5 in Conjurations
  1808 | D:5      | Reached XP level 4. HP: 33/33 MP: 3/9
  1885 | D:5      | Reached XP level 5. HP: 38/38 MP: 4/10
  1991 | D:5      | Reached skill level 6 in Conjurations
  2316 | D:4      | Found a transporter.
  2362 | D:5      | Reached XP level 6. HP: 45/45 MP: 2/11
  2515 | D:5      | Reached skill level 7 in Conjurations
  2645 | D:5      | Found a staircase to the Ecumenical Temple.
  3342 | D:3      | Noticed Sigmund
  3459 | D:3      | Reached skill level 8 in Conjurations
  3502 | D:3      | Reached XP level 7. HP: 50/50 MP: 7/13
  3678 | D:3      | Learned a level 4 spell: Fulminant Prism
  4692 | D:2      | Learned a level 2 spell: Blink
  4699 | D:3      | Killed Sigmund
  4700 | D:3      | Reached skill level 1 in Hexes
  4700 | D:3      | Reached skill level 1 in Translocations
  5525 | D:4      | Reached XP level 8. HP: 52/57 MP: 11/16
  5558 | D:4      | Found a transporter.
  5565 | D:4      | Found a one-way gate to the infinite horrors of the Abyss.
  5565 | D:4      | Noticed Protee's ghost (amateur DjIE)
  5667 | D:4      | Noticed a toenail golem
  6095 | D:6      | Learned a level 4 spell: Iskenderun's Mystic Blast
  6222 | D:6      | Noticed a moth of wrath
  7652 | D:7      | Noticed a hornet
  7664 | D:7      | Killed a hornet
  7669 | D:7      | Reached skill level 9 in Conjurations
  7669 | D:7      | Reached skill level 5 in Hexes
  7669 | D:7      | Reached XP level 9. HP: 12/62 MP: 3/18
  8419 | D:8      | Noticed Pikel
  8426 | D:8      | Killed Pikel
  8677 | D:1      | Bought a pair of boots for 108 gold pieces
  8890 | D:8      | Noticed a two-headed ogre
  8904 | D:7      | Reached skill level 10 in Conjurations
  9089 | D:8      | Killed a two-headed ogre
  9201 | D:8      | Noticed a two-headed ogre
  9209 | D:8      | Killed a two-headed ogre
  9391 | D:8      | Reached XP level 10. HP: 69/69 MP: 11/19
  9392 | D:8      | Noticed Maurice
  9417 | D:8      | Killed from afar by Maurice

Illustrated notes

Levels and vault maps discovered:
D:1:      pf_arrival_petrified_forest, layout_basic,
          dreamdust_ecumenical_altar_hidden_monk_grotto, serial_shops,
          nicolae_shop_behind_doors, hangedman_decor_peaks_small,
          hangedman_decor_slide_cut, minmay_rat_gold_closets
D:2:      layout_basic
D:3:      layout_basic, nicolae_gozag_cash_rules_everything_around_me,
          gammafunk_temple_overflow_pools, serial_rivers,
          chequers_serial_rivers_small_3, chequers_serial_rivers_micro_c,
          chequers_serial_rivers_small_b, chequers_serial_rivers_small_3,
          chequers_serial_rivers_large_b, chequers_serial_rivers_room_b,
          gup_sewer_entry_spiral, lemuel_old_faithful, uniq_sigmund
D:4:      layout_basic, gammafunk_ghost_abyssal_escape, kennysheep_flooded_box
D:5:      layout_loops_ring, minmay_temple_entry_fiery
D:6:      layout_loops_ring, tgw_trog, mainiacjoe_overflow_catwalk
D:7:      nicolae_cairo_tiling_large_dashed, layout_loops_ring,
          mainiacjoe_overflow_small_starburst, chequers_serial_rivers_micro_e,
          kennysheep_donut
D:8:      layout_basic, grunt_decor_one_mirror,
          hellmonk_guarded_unrand_gyre_and_gimble, uniq_maurice, uniq_pikel,
          uniq_joseph
D:9:      layout_basic, enter_bailey_5, lemuel_flamethrower_2

Skill      XL: |  1  2  3  4  5  6  7  8  9 |
---------------+----------------------------+-----
Spellcasting   | 2 3 4 |  4.0
Conjurations   | 4 5 6 8 9 10 | 10.9
Hexes          | 2 5 7 |  7.3
Translocations | 2 4 |  4.0
Dodging        | |  1.7
Stealth        | |  1.7

Action                   |  1- 3 |  4- 6 |  7- 9 | 10-12 || total
-------------------------+-------+-------+-------+-------++-------
Melee: Whip              |     8 |       |    15 |       ||    23
 Fire: Hunting sling     |    15 |       |    54 |     6 ||    75
 Cast: Magic Dart        |    52 |    51 |   113 |       ||   216
       Searing Ray       |     2 |     9 |    36 |     1 ||    48
       Fulminant Prism   |       |       |    17 |     4 ||    21
       Iskenderun's Myst |       |       |     3 |       ||     3
  Use: Scroll            |       |       |     8 |       ||     8
       Potion            |       |       |     4 |     5 ||     9
Armor: Robe              |    11 |       |    19 |     1 ||    31
       Skin              |       |       |       |     1 ||     1
Dodge: Dodged            |    20 |     8 |    74 |     5 ||   107

Table legend: (Time is in decaauts)
 A = Elapsed time spent in this place.
 B = Non-inter-level travel time spent in this place.
 C = Inter-level travel time spent in this place.
 D = Time resting spent in this place.
 E = Time spent auto-exploring this place.
 F = Levels seen in this place.
 G = Mean time per level.
                   A        B        C        D        E       F      G
               +--------+--------+--------+--------+--------+-----+--------+
         Total |   9541 |   8908 |    633 |   2912 |   3456 |   9 | 1060.1 |
       Dungeon |   9541 |   8908 |    633 |   2912 |   3456 |   9 | 1060.1 |
               +--------+--------+--------+--------+--------+-----+--------+

Top non-repeatable levels by time:
     D:5: 1659 daAuts
     D:3: 1357 daAuts
     D:6: 1279 daAuts
     D:4: 1235 daAuts
     D:1: 1191 daAuts
     D:7: 1085 daAuts
     D:2: 974 daAuts
     D:8: 756 daAuts
     D:9: 1 daAuts
